AoeStats
← tilmanv

Black Forest

508294430Analyzed
4v4 RM · 11d ago on Sep 21, 2026· 16m 1s· 8 players
Game mode
Random Map
Map size
Large (8 player)
Population
200
Speed
Normal
Resources
Standard
Victory
Conquest
Starting age
Dark Age
Ending age
Imperial Age
RankedLock teamsTeams togetherTeam positionsShared explorationLock speedFull tech treeHidden civsTurbo modeCheats
Victory
Defeat
🇦🇷 Spanish · Argentina
1124
+14
🇦🇷 Mongols · Argentina
1117
+14
🇺🇸 Hindustanis · United States
1112
+15
🇲🇽 Ethiopians · Mexico
1100
+15
🇩🇪 Teutons · Germany
1094
-15
🇮🇹 Celts · Italy
1090
-15
🇳🇴 Vikings · Norway
1077
-14
🇺🇸 Dravidians · United States
1060
-14
Lakafant
0:28 Loom
12:29 Feudal Age
tilmanv
6:20 Loom
12:45 Feudal Age
14:29 Wheelbarrow
13:49 Double-Bit Axe
17:49 Castle Age
fabio07deluca
12:20 Feudal Age
16:34 Castle Age
Prince of Hell
0:44 Loom
12:36 Feudal Age
Cuauhpilli
0:33 Loom
11:57 Feudal Age
15:55 Castle Age
16:09 Double-Bit Axe
Mortadela
10:43 Feudal Age
15:33 Castle Age
Acadia744
5:55 Loom
13:18 Feudal Age
Pablo
13:46 Feudal Age
Connection lost

Rejoining the realm…

Still unreachable

The connection could not be restored.

Session expired

The server has moved on; the page needs a fresh start.